 Dungeon Crawl Stone Soup version 0.30.0-15-g856e2d3f33 (webtiles) character file.

Game seed: 6628896717998182918

98 CaptainMV the Charlatan (level 4, -2/33 HPs)
             Began as a Demonspawn Wanderer on May 18, 2023.
             Slain by a gnoll
             ... wielding a +0 whip
              (4 damage)
             ... on level 3 of the Dungeon.
             The game lasted 00:11:41 (753 turns).

CaptainMV the Charlatan (Demonspawn Wanderer)        Turns: 753, Time: 00:11:41

Health: -2/33      AC:  5    Str: 19    XL:     4   Next: 43%
Magic:  4/4        EV: 10    Int: 11    God:
Gold:   60         SH:  8    Dex: 10    Spells: 3/3 levels left

rFire   + . .        a - +1 mace (vamp)
rCold   + . .        f - +2 kite shield
rNeg    . . .        d - +0 leather armour
rPois   +            (no helmet)
rElec   +            e - +0 cloak
rCorr   +            k - +0 pair of gloves
SInv    .            (no boots)
Will    .....        (no amulet)
Stlth   +            (no ring)
HPRegen 0.25/turn    (no ring)
MPRegen 0.09/turn

%: no passive effects
@: resistant
A: demonic touch 1
a: no special abilities


You were on level 3 of the Dungeon.
You visited 1 branch of the dungeon, and saw 3 of its levels.

You collected 60 gold pieces.

Inventory:

Hand Weapons
 a - a +1 vampiric mace (weapon)
Missiles
 h - 2 silver javelins
Armour
 d - a +0 leather armour (worn)
 e - a +0 cloak (worn)
 f - a +2 kite shield (worn)
 k - a +0 pair of gloves (worn)
Magical Staves
 m - a staff of death
Wands
 l - a wand of charming (7)
Scrolls
 c - a scroll of fog
Potions
 g - a potion of resistance
Miscellaneous
 b - a phantom mirror (inert) (quivered)


   Skills:
 + Level 2.2 Fighting
 + Level 2.6 Maces & Flails
 + Level 1.2 Armour
 + Level 1.8 Dodging
 + Level 1.1 Stealth
 + Level 0.9 Shields
 + Level 3.8 Evocations


You had 3 spell levels left.
You didn't know any spells.
Your spell library was empty.

Dungeon Overview and Level Annotations

Branches:
Dungeon (3/15)

Altars:

Shops:
D:2 :

Annotations:
D:3 Natasha


Innate Abilities, Weirdness & Mutations

Your touch may inflict minor irresistible damage on your foes.


Message History

You hit the kobold but do no damage.
The kobold hits you with a +0 short sword.
Natasha growls.
You block the kobold's attack.
You hit the kobold.
You feel better.
The kobold is moderately wounded.
The kobold hits you with a +0 short sword.
You closely miss the kobold.
The kobold is moderately wounded.
The kobold closely misses you. The kobold completely misses you.
Natasha mumbles some strange words.
You barely miss the kobold.
The kobold is moderately wounded.
The kobold barely misses you.
You miss the kobold.
The kobold is moderately wounded.
The kobold hits you with a +0 short sword.
* * * LOW HITPOINT WARNING * * *
You hit the kobold but do no damage.
The kobold is moderately wounded.
The kobold closely misses you.
Natasha casts a spell.
The kobold hits you with a +0 short sword.
* * * LOW HITPOINT WARNING * * *
You hit the kobold.
You kill the kobold!
You hit the gnoll.
The gnoll is moderately wounded.
The cerulean imp hits you but does no damage.
The gnoll hits you with a +0 whip.
* * * LOW HITPOINT WARNING * * *
The cerulean imp hits you from afar with a +2 spear.
* * * LOW HITPOINT WARNING * * *
The gnoll hits you but does no damage.
It was a potion of resistance.
You feel protected.
Natasha howls an incantation.
You feel troubled. You block the cerulean imp's attack.
The gnoll hits you with a +0 whip.
You die...

#.# #..
###g#########.#
..#5####.g............
...5h....#.##....##..#
########h#.#....††....
#K#.#...##....#
#.#.#.#.#.....)
#######5#.###.#.#.#.#
#...@g5h......#.#.#.#
############..#...#..
#..######. ##.......##
#...####..#
##..........
#..P~~.~~†..
#.....~.~.~~
#.♣~~~~~≈~~~


You could see Natasha, a gnoll and 2 cerulean imps.

Vanquished Creatures
  A gnoll (D:3)
  5 adders
  A worm (D:3)
  A dart slug (D:3)
  An orc (D:3)
  A ball python (D:2)
  2 goblins
  6 hobgoblins
  4 jackals (D:3)
  3 kobolds
  2 quokkas (D:2)
  5 bats (D:2)
  4 rats
36 creatures vanquished.

Vanquished Creatures (collateral kills)
  An endoplasm (D:2)
1 creature vanquished.

Grand Total: 37 creatures vanquished

Notes
Turn   | Place    | Note
-------+----------+-------------------------------------------
     0 | D:1      | CaptainMV the Demonspawn Wanderer began the quest for the
                  | Orb.
     0 | D:1      | CaptainMV set off with the following items: a +1 mace, a
                  | phantom mirror, a scroll of fog, a +0 leather armour.
     0 | D:1      | Reached XP level 1. HP: 16/16 MP: 1/1
    64 | D:1      | You fall into a shaft and drop 1 floor!
    96 | D:2      | Gained mutation: Your touch may inflict minor irresistible
                  | damage on your foes. [demonic ancestry]
    96 | D:2      | Reached XP level 2. HP: 12/22 MP: 2/2
   325 | D:2      | Reached XP level 3. HP: 23/27 MP: 3/3
   341 | D:2      | Found Paituq's Book Shop.
   634 | D:3      | Reached XP level 4. HP: 27/33 MP: 4/4
   723 | D:3      | Noticed Natasha
   752 | D:3      | HP: 1/33 [cerulean imp/+2 spear[Natasha] (3)]
   753 | D:3      | Slain by a gnoll

Illustrated notes

Levels and vault maps discovered:
D:1:      scummos_arrival_hexagon, layout_rooms
D:2:      layout_loops_ring, serial_shops, nicolae_shop_window_shopping
D:3:      layout_basic, marbit_many_paths, lemuel_crystal_altar,
          serial_aquarium, aquarium_bridge_straight [aquarium_subvault_bridge,
          aquarium_subvault_wall, aquarium_subvault_bridge,
          aquarium_subvault_window], aquarium_window_corner,
          aquarium_window_corner, aquarium_window_1, aquarium_window_2,
          aquarium_view_2e, aquarium_view_2d, aquarium_balcony_1a, serial_shops,
          shop, serial_bayou_pond_b, due_unseen_surprise, uniq_natasha

Skill      XL: |  1  2 |
---------------+-------+-----
Maces & Flails | 2 |  2.6
Fighting       | |  2.2
Armour         | |  1.2
Dodging        | |  1.8
Stealth        | |  1.1
Shields        | |  0.9
Evocations     | |  3.8

Action                     |  1- 3 |  4- 6 || total
---------------------------+-------+-------++-------
  Melee: Mace              |    84 |    56 ||   140
  Evoke: Phantom mirror    |     1 |       ||     1
    Use: Scroll            |     4 |     1 ||     5
         Potion            |       |     1 ||     1
 Armour: Leather armour    |    40 |    15 ||    55
  Dodge: Dodged            |    55 |    23 ||    78
  Block: Kite shield       |    48 |    25 ||    73
